 Dungeon Crawl Stone Soup version 0.29.0-13-gc9e81de378 (webtiles) character file.

Game seed: 162122219993052252

24 freelancePsychic the Shooter (level 3, -3/29 HPs)
             Began as a Meteoran Hunter on Sept 11, 2022.
             Succumbed to a scorpion's poison
             ... on level 4 of the Dungeon.
             The game lasted 00:02:24 (250 turns).

freelancePsychic the Shooter (Meteoran Hunter)       Turns: 250, Time: 00:02:24

Health: -3/29      AC:  3    Str: 13    XL:     3   Next: 32%
Magic:  4/4        EV: 12    Int: 10    God:
Gold:   20         SH:  0    Dex: 19    Spells: 2/2 levels left

rFire   . . .      SeeInvis .   a - +0 shortbow
rCold   . . .      Faith    .   (shield currently unavailable)
rNeg    . . .      Spirit   .   c - +0 leather armour
rPois   .          Reflect  .   (no helmet)
rElec   .          Harm     .   (no cloak)
rCorr   .          Rampage  .   (no gloves)
Will    .....                   (no boots)
Stlth   +.........              (no amulet)
HPRegen 0.09/turn               (no ring)
MPRegen 0.09/turn               (no ring)

@: lethally poisoned (-3 -> -19), glowing
A: sense surroundings 1, otherworldly, glowing, explore regen
a: no special abilities


You were on level 4 of the Dungeon.
You visited 1 branch of the dungeon, and saw 4 of its levels.

You collected 20 gold pieces.

Inventory:

Hand Weapons
 a - a +0 shortbow (weapon)
Armour
 c - a +0 leather armour (worn)
Scrolls
 b - a scroll of immolation


   Skills:
 - Level 2.1 Fighting
 + Level 5.4 Ranged Weapons
 - Level 2.4 Dodging
 - Level 0.6 Stealth


You had 2 spell levels left.
You didn't know any spells.
Your spell library was empty.

Dungeon Overview and Level Annotations

Branches:
Dungeon (4/15) Zot: 2134
 Temple: D:4-7

Altars:

Annotations:
D:2 Sigmund


Innate Abilities, Weirdness & Mutations

You passively map a small area around you.
You are easily found by Zot.
You glow in the dark.
You regain HP and MP as you explore.


Message History

You are too injured to fight recklessly!
You are too injured to fight recklessly!
You are too injured to fight recklessly!
You are too injured to fight recklessly!
You are too injured to fight recklessly!
You are too injured to fight recklessly!
You are too injured to fight recklessly!
You aren't carrying any potions.
Fire: a) +0 shortbow
Press: ? - help, Shift-Dir - straight line, f/p - scorpion
Aim: a scorpion (lightly wounded, 64% to hit)
You shoot an arrow. The arrow hits the scorpion!
The scorpion is severely wounded.
You feel very sick. The scorpion closely misses you.
Fire: a) +0 shortbow
Press: ? - help, Shift-Dir - straight line, f/p - scorpion
Aim: a scorpion (severely wounded, 64% to hit)
You shoot an arrow. The arrow barely misses the scorpion.
* * * LOW HITPOINT WARNING * * *
You feel very sick. The scorpion closely misses you. The scorpion stings you.
* * * LOW HITPOINT WARNING * * *
You are more poisoned.
The scorpion poisons you!
Fire: a) +0 shortbow
Press: ? - help, Shift-Dir - straight line, f/p - scorpion
Aim: a scorpion (severely wounded, 64% to hit)
You shoot an arrow.
The arrow hits the scorpion but does no damage.
The scorpion is severely wounded.
* * * LOW HITPOINT WARNING * * *
You feel very sick. The scorpion completely misses you.
Fire: a) +0 shortbow
Press: ? - help, Shift-Dir - straight line, f/p - scorpion
Aim: a scorpion (severely wounded, 64% to hit)
You shoot an arrow. The arrow hits the scorpion.
The scorpion is almost dead.
You die...

* #. * #.# * #.#
#+## #.# #...##
#.### ##.....##
#.#.## ##.......#
**
#....####.........
#.......'.@s......
#....####.........
#####.#.##
##...>...#
#...<....#
##.....##
#.#...##.# #...##
#...# .# #+## *
,#...#*.# *, .....
.# * * *, ###.#.#
,*


You could see a scorpion.

Vanquished Creatures
  A worm (D:2)
  A dart slug (D:1)
  4 ball pythons
  An endoplasm (D:2)
  A giant cockroach (D:1)
  A goblin (D:1)
  A hobgoblin (D:3)
  2 quokkas (D:1)
  2 bats
  2 frilled lizards
  A kobold (D:2)
  A rat (D:2)
18 creatures vanquished.

Notes
Turn   | Place    | Note
-------+----------+-------------------------------------------
     0 | D:1      | freelancePsychic the Meteoran Hunter began the quest for
                  | the Orb.
     0 | D:1      | Reached XP level 1. HP: 17/17 MP: 2/2
    62 | D:1      | Reached XP level 2. HP: 24/24 MP: 3/3
    81 | D:1      | Reached skill level 5 in Ranged Weapons
    91 | D:2      | Reached XP level 3. HP: 19/29 MP: 4/4
   147 | D:2      | Noticed Sigmund
   241 | D:4      | Noticed a scorpion
   249 | D:4      | HP: 1/29 [poisoned by a scorpion]
   250 | D:4      | Succumbed to a scorpion's poison

Illustrated notes

Levels and vault maps discovered:
D:1:      lightli_arrival_isolated_outpost, layout_basic,
          dreamdust_ecumenical_altar_grove
D:2:      layout_loops_ring, basic_altar, chequers_garden, uniq_natasha,
          uniq_sigmund
D:3:      layout_loops_ring, nicolae_ru_awakened_eye, mainiacjoe_overflow_paths,
          uniq_crazy_yiuf_cottage
D:4:      layout_loops_corners

Skill      XL: |  1  2 |
---------------+-------+-----
Ranged Weapons | 5 |  5.4
Fighting       | |  2.1
Dodging        | |  2.4
Stealth        | |  0.6

Action                   || total
-------------------------++-------
 Fire: Shortbow          ||    59
  Use: Scroll            ||     1
Armor: Leather armour    ||    11
Dodge: Dodged            ||    14
